AoeStats
← The Potato King

Golden Pit

510033313Analyzed
1v1 RM · 5d ago on Sep 29, 2026· 49m 17s· 2 players
Game mode
Random Map
Map size
Tiny (2 player)
Population
200
Speed
Normal
Resources
Standard
Victory
Conquest
Starting age
Dark Age
Ending age
Imperial Age
RankedLock teamsTeams togetherTeam positionsShared explorationLock speedFull tech treeHidden civsTurbo modeCheats
Victory
Defeat
🇺🇸 Saxons · United States
1247
+15
🇬🇧 Franks · United Kingdom
1229
-15
The Potato King
1:37 Loom
11:26 Feudal Age
11:57 Double-Bit Axe
18:32 Castle Age
18:27 Scale Barding Armor
19:59 Wheelbarrow
20:48 Forging
21:42 Gold Mining
22:38 Ordonnance Companies
24:01 Bow Saw
25:25 Fletching
26:03 Husbandry
26:49 Ballistics
27:12 Padded Archer Armor
27:20 Stone Mining
28:11 Gold Shaft Mining
28:08 Leather Archer Armor
27:52 Bodkin Arrow
29:51 Leather Archer Armor
35:04 Imperial Age
34:07 Chain Barding Armor
34:23 Iron Casting
36:51 Chemistry
35:41 Cranequins
38:30 Cavalier
46:38 Conscription
Ziggy_Rot
7:24 Loom
10:00 Feudal Age
10:32 Double-Bit Axe
18:30 Castle Age
17:15 Fletching
17:30 Gold Mining
19:14 Bodkin Arrow
19:53 Bow Saw
25:19 Husbandry
28:15 Town Watch
29:46 Padded Archer Armor
30:16 Ballistics
30:50 Bloodlines
33:32 Leather Archer Armor
33:35 Horse Collar
34:58 Thumb Ring
38:34 Imperial Age
36:31 Squires
35:51 Pikeman
36:33 Scale Mail Armor
40:35 Chemistry
39:46 Masonry
39:42 Bracer
39:59 Chain Mail Armor
40:59 Ring Archer Armor
40:05 Elite Skirmisher
47:28 Forging
47:47 Halberdier
Connection lost

Rejoining the realm…

Still unreachable

The connection could not be restored.

Session expired

The server has moved on; the page needs a fresh start.